Map: Cyber Forest LE

Players

Neeb

  • Race: Protoss Protoss
  • League: Master
  • Spawn Location: 11:00

TIME (Oliveira) - Winner!

  • Race: Terran Terran
  • Spawn Location: 5:00

Event: 2019 WCS Winter Americas

VOD

Have the link to the VOD?

Description

Time

  • Played on: March 23, 2019, 3:32 p.m.
  • Length: 6:55

All games in this series

Show
View Real Time Build Order
Export as new Build Order

Neeb Protoss 

Build Orders: 1 Gate Expand, Colossus Rush 

Get SALT Encoding   

  12  0:00  Probe  
  13  0:12  Probe  
  14  0:18  Pylon  
  14  0:24  Probe  
  15  0:32  Probe  
  15  0:38  Gateway  
  15  0:40  Probe  
  16  0:46  Assimilator  
  17  0:51  Probe  
  18  1:03  Probe  
  19  1:13  Assimilator  
  19  1:15  Probe  
  20  1:22  Pylon  
  20  1:33  Cybernetics Core  
  20  1:41  Nexus  
  20  1:44  Probe  
  21  1:50  Assimilator  
  21  1:56  Probe  
  21  1:59  Adept  
  22  2:04  Probe  
  23  2:10  Warp Gate  
  23  2:12  Probe  
  26  2:23  Probe  
  26  2:27  Robotics Facility  
  27  2:31  Adept  
  27  2:35  Probe  
  30  2:47  Probe  
  31  2:53  Probe, Gateway  
  32  2:59  Probe  
  32  3:01  Stalker  
  32  3:05  Probe  
  36  3:08  Observer  
  36  3:09  Shield Battery  
  36  3:12  Shield Battery  
  36  3:13  Probe  
  36  3:18  Probe  
  39  3:25  Probe  
  40  3:27  Observer, Pylon  
  40  3:30  Probe  
  42  3:38  Probe  
  42  3:41  Gateway  
  43  3:42  Probe  
  43  3:46  Pylon  
  42  3:50  Probe x2  
  44  3:55  Assimilator  
  44  3:56  Assimilator  
  44  3:58  Probe  
  44  4:00  Sentry x2  
  44  4:02  Probe  
  50  4:03  Warp Prism  
  52  4:12  Pylon  
  52  4:13  Probe  
  52  4:14  Probe  
  54  4:25  Probe  
  54  4:26  Stalker  
  54  4:27  Stalker  
  59  4:34  Immortal, Robotics Bay  
  59  4:36  Adept  
  65  4:50  Pylon  
  65  4:52  Observer  
  65  4:55  Stalker x2  
  67  5:00  Pylon  
  67  5:12  Pylon  
  67  5:14  Pylon  
  67  5:22  Adept x3  
  67  5:26  Colossus  
  67  5:28  Observer  
  63  5:47  Adept x3  
  67  5:52  Gateway  
  67  5:54  Gateway  
  67  5:55  Gateway  
  65  6:12  Stalker x2  
  65  6:15  Disruptor  
Show
View Real Time Build Order
Export as new Build Order

TIME Terran - Winner!

Build Orders: Cyclone Opening 

Get SALT Encoding   

  12  0:00  SCV  
  13  0:13  SCV  
  14  0:18  Supply Depot  
  14  0:25  SCV  
  15  0:39  SCV  
  15  0:42  Barracks  
  16  0:44  Refinery  
  16  0:51  SCV  
  16  0:54  Refinery  
  17  1:03  SCV  
  18  1:15  SCV  
  19  1:30  Reaper, Orbital Command  
  20  1:42  Factory  
  20  1:46  Supply Depot  
  20  1:56  SCV  
  21  2:08  SCV  
  22  2:15  Barracks Reactor  
  22  2:20  SCV  
  23  2:25  Command Center  
  23  2:27  Factory Tech Lab  
  23  2:32  SCV  
  24  2:45  Cyclone  
  24  2:46  SCV  
  24  2:48  Starport  
  28  2:55  Supply Depot  
  28  2:57  Marine  
  28  2:58  Marine  
  30  3:01  SCV  
  30  3:14  SCV  
  30  3:16  Marine x2  
  33  3:20  Siege Tank  
  33  3:26  SCV  
  37  3:29  Medivac  
  39  3:36  Marine x2  
  39  3:40  Orbital Command  
  41  3:43  SCV  
  42  3:54  Siege Tank, Marine x2  
  47  3:56  SCV  
  47  4:01  Supply Depot  
  48  4:06  Viking  
  48  4:09  SCV  
  51  4:12  SCV  
  51  4:13  Marine  
  51  4:16  Marine  
  54  4:20  Supply Depot  
  54  4:23  SCV  
  54  4:24  SCV  
  56  4:29  Siege Tank  
  59  4:31  Marine  
  59  4:35  SCV, Marine  
  62  4:43  Viking  
  64  4:46  SCV  
  64  4:48  Supply Depot  
  64  4:49  Marine  
  66  4:53  Marine  
  67  5:05  SCV x2  
  69  5:07  Marine  
  69  5:10  Siege Tank  
  69  5:11  Marine  
  69  5:12  Supply Depot  
  74  5:25  Marine  
  74  5:27  Bunker  
  72  5:29  Bunker, Marine  
  72  5:31  Liberator  
  72  5:35  Bunker  
  68  5:43  Marine  
  68  5:46  SCV x2, Marine  
  73  5:52  Barracks x2  
  71  6:00  Marine  
  71  6:03  SCV  
  73  6:04  Marine  
  73  6:08  Siege Tank  
  77  6:11  SCV  
  78  6:18  Marine  
  78  6:22  Marine  
  79  6:27  SCV  
  78  6:36  SCV, Marine  
  78  6:39  SCV  
  84  6:40  Engineering Bay  
Tags
 
Add a new tag
Caveats
  • Supply blocks, unpowered buildings, or Contaminate may cause inaccurate times.
  • Supply counts are checked every 10 seconds.